 Dungeon Crawl Stone Soup version 0.28-a0-863-g8cecda6153 (webtiles) character file.

Game seed: 2513884210341070390

210 bjtr the Conjurer (level 6, -2/42 HPs)
             Began as a Human Conjurer on Nov 17, 2021.
             Killed from afar by Sigmund (6 damage)
             ... with a puff of flame
             ... on level 4 of the Dungeon.
             The game lasted 00:20:39 (3993 turns).

bjtr the Conjurer (Human Conjurer)                  Turns: 3993, Time: 00:20:39

Health: -2/42      AC:  4    Str:  7    XL:     6   Next: 12%
Magic:  3/10       EV: 11    Int: 21    God:
Gold:   159        SH:  0    Dex: 11    Spells: 5/11 levels left

rFire   . . .      SeeInvis .   f - +7 lajatang of Order {silver, rMut}
rCold   + . .      Faith    .   (shield currently unavailable)
rNeg    . . .      Spirit   .   h - +1 leather armour {rC+}
rPois   .          Reflect  .   (no helmet)
rElec   .          Harm     .   (no cloak)
rCorr   .          Rampage  .   (no gloves)
rMut    +                       (no boots)
Will    .....                   (no amulet)
Stlth   ++........              k - ring of wizardry
HPRegen 0.14/turn               (no ring)
MPRegen 0.12/turn

@: no status effects
A: no striking features
a: no special abilities


You were on level 4 of the Dungeon.
You visited 1 branch of the dungeon, and saw 4 of its levels.

You collected 159 gold pieces.

Inventory:

Hand Weapons
 a - a +0 mace
 c - a +0 hand axe
 e - a +0 short sword
 f - the +7 lajatang of Order (weapon) {silver, rMut}
   (You acquired it on level 2 of the Dungeon)

   It inflicts extra damage upon those it strikes, and deals substantially
   increased damage to chaotic, mutated and magically transformed beings.
   rMut:      It protects you from mutation.
 j - a +0 flail
Missiles
 d - 121 stones
 s - 16 sling bullets
Armour
 h - a +1 leather armour of cold resistance (worn)
Magical Staves
 r - a staff of cold
Jewellery
 k - a ring of wizardry (left hand)
Scrolls
 b - a scroll of teleportation
 g - a scroll of brand weapon {unknown}
 l - a scroll of torment {unknown}
 n - a scroll of amnesia {unknown}
 o - 4 scrolls of identify {unknown}
Potions
 i - a potion of mutation {unknown}
 m - 2 potions of cancellation
 p - a potion of heal wounds {unknown}
 q - a potion of haste {unknown}


   Skills:
 + Level 0.6 Fighting
 * Level 1.2 Staves
 + Level 1.1 Armour
 + Level 2.4 Dodging
 - Level 2.0 Stealth
 * Level 3.0 Spellcasting
 * Level 5.6 Conjurations


You had 5 spell levels left.
You knew the following spells:

 Your Spells              Type           Power      Damage    Failure   Level
a - Magic Dart            Conj           100%       1d8       1%          1
b - Searing Ray           Conj           52%        2d6       1%          2
c - Ozocubu's Armour      Ice            3%         N/A       22%         3

Your spell library contained the following spells:

 Spells                   Type           Power      Damage    Failure   Level
 Dazzling Flash           Conj/Hex       30%        N/A       8%          3
 Fulminant Prism          Conj/Hex       7%         3d7       24%         4
 Iskenderun's Mystic Bla  Conj/Tloc      15%        2d5       24%         4
 Ozocubu's Refrigeration  Ice            1%         4d5       100%        7


Dungeon Overview and Level Annotations

Branches:
Dungeon (4/15)
 Temple: D:4-7

Altars:

Annotations:
D:4 Sigmund


Message History

Unknown command.
The searing ray hits something.
Something hits you.
The searing ray hits something.
You finish channelling your searing ray.
Something hits you.
You are confused.
It was a potion of cancellation.
Your magical effects are unravelling.
You feel magically purged.
You feel less confused.
A magic dart appears from out of thin air!
The magic dart hits you!
Casting: Searing Ray (safe; 1% risk of failure)
Confirm with . or Enter, or press ? or * to list all spells.
Aiming: Searing Ray (safe; 1% risk of failure)
Press: ? - help, Shift-Dir - straight line (Press . to maintain the ray.)
Something tries to affect you, but you resist.
Unknown command.
The searing ray hits something but does no damage.
You finish channelling your searing ray.
You hear some strange, mumbled words.
Something tries to affect you, but you resist.
There is a stone staircase leading down here.
Casting: Searing Ray (safe; 1% risk of failure)
Confirm with . or Enter, or press ? or * to list all spells.
You don't have enough magic to cast this spell.
Unknown command.
Unknown command.
You aren't carrying any items that you can evoke.
Unknown command.
Something hits you!
You closely miss something. Something hits you. Something hits you!
* * * LOW HITPOINT WARNING * * *
An endoplasm comes into view.
The endoplasm quivers.
A puff of flame appears from out of thin air!
The puff of flame hits you.
You die...

## ##.# .## #.## ..# ##.#
#### ..# #.## ..... ..##
##{#...... ...# ###........
...# ##.......... ...#
#...J....... ...#
##@.......... ...##
###............ ....#
####.............. ....#
####.................
#######......##............
####......#######.........
.......#### #........
....#### ....... .####
..##.


You could see an endoplasm.

Vanquished Creatures
  An iguana (D:4)
  Jessica (D:3)
  4 adders
  A gnoll (D:2)
  A howler monkey skeleton (D:4)
  4 worms
  5 dart slugs
  An orc (D:4)
  4 bats (D:2)
  5 endoplasms
  4 giant cockroaches
  6 goblins
  5 hobgoblins
  2 jackals (D:2)
  10 kobolds
  5 quokkas
  11 ball pythons
  2 frilled lizards
  8 rats
80 creatures vanquished.

Notes
Turn   | Place    | Note
-------+----------+-------------------------------------------
     0 | D:1      | bjtr the Human Conjurer began the quest for the Orb.
     0 | D:1      | Reached XP level 1. HP: 13/13 MP: 3/3
   169 | D:1      | Reached XP level 2. HP: 19/19 MP: 0/5
   306 | D:1      | Learned a level 2 spell: Searing Ray
   520 | D:1      | Reached XP level 3. HP: 24/24 MP: 3/6
  1106 | D:2      | Reached skill level 5 in Conjurations
  1127 | D:2      | Reached XP level 4. HP: 27/30 MP: 2/7
  1949 | D:2      | Reached XP level 5. HP: 35/35 MP: 9/9
  1982 | D:2      | Learned a level 3 spell: Ozocubu's Armour
  2178 | D:2      | Identified a scroll of acquirement
  2178 | D:2      | Acquired the +7 lajatang of Order {silver, rMut}
  2178 | D:2      | Found the +7 lajatang of Order {silver, rMut}
  2263 | D:3      | Noticed Jessica
  2268 | D:3      | Killed Jessica
  3117 | D:4      | Noticed Sigmund
  3476 | D:4      | Reached skill level 1 in Staves
  3476 | D:4      | Reached skill level 1 in Armour
  3476 | D:4      | Reached XP level 6. HP: 12/42 MP: 10/10
  3983 | D:4      | HP: 2/42 [something (11)]
  3993 | D:4      | Killed from afar by Sigmund

Illustrated notes

Levels and vault maps discovered:
D:1:      dpeg_arrival_pond, layout_basic
D:2:      minmay_thinvault, layout_rooms, minmay_hexomino_u4
D:3:      layout_basic, hangedman_abyss_or_decor_lesser_grid, uniq_jessica
D:4:      layout_cave_pods, uniq_sigmund

Skill      XL: |  1  2  3  4  5 |
---------------+----------------+-----
Conjurations   | 5 |  5.6
Staves         | 1 |  1.2
Armour         | 1 |  1.1
Spellcasting   | 3 |  3.0
Fighting       | |  0.6
Dodging        | |  2.4
Stealth        | |  2.0

Action                   |  1- 3 |  4- 6 || total
-------------------------+-------+-------++-------
Melee: Hand axe          |    15 |       ||    15
       Flail             |     8 |    45 ||    53
       Mace              |     5 |       ||     5
       Lajatang          |       |    23 ||    23
 Cast: Magic Dart        |    25 |     6 ||    31
       Searing Ray       |     8 |    19 ||    27
  Use: Scroll            |       |     4 ||     4
       Potion            |       |     2 ||     2
 Stab: Sleeping          |       |     2 ||     2
Armor: Robe              |     7 |       ||     7
       Leather armour    |    12 |    29 ||    41
Dodge: Dodged            |    25 |    36 ||    61

Table legend: (Time is in decaauts)
 A = Elapsed time spent in this place.
 B = Non-inter-level travel time spent in this place.
 C = Inter-level travel time spent in this place.
 D = Time resting spent in this place.
 E = Time spent auto-exploring this place.
 F = Levels seen in this place.
 G = Mean time per level.
                   A        B        C        D        E       F      G
               +--------+--------+--------+--------+--------+-----+--------+
         Total |   4027 |   3829 |    198 |   1146 |   1941 |   4 | 1006.8 |
       Dungeon |   4027 |   3829 |    198 |   1146 |   1941 |   4 | 1006.8 |
               +--------+--------+--------+--------+--------+-----+--------+

Top non-repeatable levels by time:
     D:2: 1316 daAuts
     D:3: 1063 daAuts
     D:1: 971 daAuts
     D:4: 676 daAuts
